[Event "26th Zadar Open 2019"]
[Site "Zadar"]
[Date "2019.12.16"]
[Round "3.22"]
[White "Hrescak, Ivana"]
[Black "Guttenthaler, Franz"]
[Result "1/2-1/2"]
[ECO "E48"]
[WhiteElo "2194"]
[BlackElo "2304"]
[Annotator "NA"]
[PlyCount "112"]
[EventDate "2019.12.15"]
[EventType "swiss"]
[EventCountry "CRO"]
[SourceTitle "playchess.com"]
[Source "ChessBase"]
[SourceQuality "1"]
[TimeControl "40/5400+30:1800+30"]

1. d4 Nf6 2. c4 e6 3. Nc3 Bb4 4. e3 O-O 5. Bd3 d5 6. Nge2 c5 7. cxd5 cxd4 8. exd4 Nxd5 9. O-O Nc6 10. Bc2 Re8 11. Qd3 g6 12. Ne4 f5 13. N4c3 Nxc3 14. bxc3 Bf8 15. Rd1 b6 16. Bb3 Na5 17. Ba4 Bd7 18. Bxd7 Qxd7 19. Bg5 Rac8 20. Qh3 Bg7 21. Qh4 Nc4 22. Rd3 Kf7 23. Bh6 Qe7 24. Bg5 Qd7 25. Bh6 Rc7 26. Bxg7 Kxg7 27. Rh3 Kg8 28. Nf4 Qe7 29. Nxg6 Qxh4 30. Nxh4 Nd2 31. d5 exd5 32. Rd3 Ne4 33. Rxd5 Nxc3 34. Rd2 Re5 35. Nf3 Rd5 36. Rxd5 Nxd5 37. h3 Nf4 38. Kf1 Kf7 39. g3 Nd3 40. Rd1 Rc1 41. Rxc1 Nxc1 42. a3 Kf6 43. Nd4 a6 44. f4 h5 45. Kg2 Nd3 46. Kf3 Nb2 47. g4 hxg4+ 48. hxg4 fxg4+ 49. Kxg4 Nc4 50. Nc2 b5 51. Kf3 a5 52. Ke4 b4 53. axb4 axb4 54. Nxb4 Nd6+ 55. Kd5 Kf5 56. Kxd6 Kxf4 1/2-1/2

[Event "26th Zadar Open 2019"]
[Site "Zadar"]
[Date "2019.12.16"]
[Round "3.23"]
[White "Sai Agni Jeevitesh, J."]
[Black "Ly, Dominik"]
[Result "1-0"]
[ECO "E14"]
[WhiteElo "2301"]
[BlackElo "2220"]
[Annotator "NA"]
[PlyCount "73"]
[EventDate "2019.12.15"]
[EventType "swiss"]
[EventCountry "CRO"]
[SourceTitle "playchess.com"]
[Source "ChessBase"]
[SourceQuality "1"]
[TimeControl "40/5400+30:1800+30"]

1. Nf3 d5 2. e3 Nf6 3. c4 e6 4. Nc3 b6 5. b3 Bb7 6. Bb2 Bd6 7. d4 O-O 8. cxd5 exd5 9. Bd3 c5 10. O-O Nbd7 11. Rc1 Rc8 12. Qe2 Qe7 13. Ba6 Bxa6 14. Qxa6 Bb8 15. Rfd1 Rfd8 16. dxc5 Nxc5 17. Qe2 Nce4 18. Nxd5 Nxd5 19. Rxc8 Rxc8 20. Rxd5 h6 21. g3 Nc3 22. Bxc3 Rxc3 23. Qd2 Rc8 24. Kg2 Kh7 25. Qd3+ g6 26. h4 Rc5 27. h5 Rxd5 28. hxg6+ fxg6 29. Qxd5 Bd6 30. Nd4 Bc5 31. Nc6 Qb7 32. b4 Bf8 33. b5 Bc5 34. e4 Qg7 35. e5 Qf8 36. Qd7+ Kg8 37. f4 1-0

[Event "26th Zadar Open 2019"]
[Site "Zadar"]
[Date "2019.12.16"]
[Round "3.24"]
[White "Sutkovic, Damir"]
[Black "Ghersinich, Enrico"]
[Result "0-1"]
[ECO "A03"]
[WhiteElo "2292"]
[BlackElo "2157"]
[Annotator "NA"]
[PlyCount "110"]
[EventDate "2019.12.15"]
[EventType "swiss"]
[EventCountry "CRO"]
[SourceTitle "playchess.com"]
[Source "ChessBase"]
[SourceQuality "1"]
[TimeControl "40/5400+30:1800+30"]

1. b3 d5 2. Bb2 Nf6 3. e3 g6 4. f4 Bg7 5. Nf3 O-O 6. Be2 b6 7. O-O Bb7 8. Ne5 c5 9. d3 Nfd7 10. d4 Qc7 11. Nd2 Nc6 12. Nxd7 Qxd7 13. Nf3 Rac8 14. a3 Qc7 15. Qd2 e6 16. Rac1 Rfd8 17. Ne5 Ne7 18. Qe1 Nf5 19. Qf2 Nd6 20. c3 c4 21. b4 a5 22. Qe1 Ra8 23. Ra1 axb4 24. axb4 Rxa1 25. Qxa1 Ra8 26. Qc1 Bc6 27. Nxc6 Qxc6 28. Qc2 Nf5 29. Kf2 g5 30. Ra1 Bh6 31. Rxa8+ Qxa8 32. Bc1 Nd6 33. Bf3 f5 34. g3 g4 35. Bg2 Bf8 36. Qb2 Qa4 37. Ke1 Nb5 38. Bd2 h5 39. h4 gxh3 40. Bxh3 Na3 41. Bf1 Be7 42. Be2 h4 43. gxh4 Bxh4+ 44. Kf1 Qa7 45. Be1 Bxe1 46. Kxe1 Nb5 47. Kd2 Nd6 48. Bf3 Qg7 49. Qa1 Qg3 50. Qf1 Kf7 51. Kc2 Kg6 52. Kd2 Qh2+ 53. Qe2 Qg1 54. Qd1 Ne4+ 55. Kc2 Qxe3 0-1

[Event "26th Zadar Open 2019"]
[Site "Zadar"]
[Date "2019.12.16"]
[Round "3.25"]
[White "Rogic, Davor"]
[Black "Khalakhan, Jurij"]
[Result "1-0"]
[ECO "B91"]
[WhiteElo "2485"]
[BlackElo "2240"]
[Annotator "ChessBase"]
[PlyCount "67"]
[EventDate "2019.12.15"]
[EventType "swiss"]
[EventCountry "CRO"]
[SourceTitle "playchess.com"]
[Source "ChessBase"]
[SourceQuality "1"]
[TimeControl "40/5400+30:1800+30"]

1. e4 c5 2. Nf3 d6 3. d4 cxd4 4. Nxd4 Nf6 5. Nc3 a6 6. g3 e5 7. Nde2 Be7 8. Bg2 Be6 9. O-O Nbd7 10. a4 Nb6 11. b3 d5 12. a5 d4 13. axb6 dxc3 14. Nxc3 Qxb6 15. Nd5 Bxd5 16. exd5 O-O 17. Bb2 Bd6 18. Kh1 Nd7 19. f4 Qc7 20. Bh3 Rad8 21. Qd2 Rfe8 22. c4 Nc5 23. Rae1 exf4 24. gxf4 Rxe1 25. Rxe1 Bxf4 26. Qg2 Bh6 27. Bf6 Ra8 28. Be5 Qa5 29. Rf1 Re8 30. Qf3 f6 31. Bd4 Ne4 32. Be6+ Rxe6 33. dxe6 Nd2 34. Qxb7 1-0

[Event "26th Zadar Open 2019"]
[Site "Zadar"]
[Date "2019.12.17"]
[Round "4.1"]
[White "Brkic, Ante"]
[Black "Dev, Shah"]
[Result "1-0"]
[ECO "C77"]
[WhiteElo "2576"]
[BlackElo "2242"]
[Annotator "ChessBase"]
[PlyCount "31"]
[EventDate "2019.12.15"]
[EventType "swiss"]
[EventCountry "CRO"]
[SourceTitle "playchess.com"]
[Source "ChessBase"]
[SourceQuality "1"]
[TimeControl "40/5400+30:1800+30"]

1. e4 e5 2. Nf3 Nc6 3. Bb5 a6 4. Ba4 Nf6 5. Nc3 Bd6 6. a3 O-O 7. d3 h6 8. g4 Bc5 9. h3 d5 10. g5 dxe4 11. gxf6 exf3 12. Bxc6 bxc6 13. Ne4 Bb6 14. Rg1 g6 15. Qd2 Ba5 16. b4 1-0

[Event "26th Zadar Open 2019"]
[Site "Zadar"]
[Date "2019.12.17"]
[Round "4.2"]
[White "Stany, G.A."]
[Black "Kozul, Zdenko"]
[Result "1-0"]
[ECO "B80"]
[WhiteElo "2526"]
[BlackElo "2590"]
[Annotator "ChessBase"]
[PlyCount "53"]
[EventDate "2019.12.15"]
[EventType "swiss"]
[EventCountry "CRO"]
[SourceTitle "playchess.com"]
[Source "ChessBase"]
[SourceQuality "1"]
[TimeControl "40/5400+30:1800+30"]

1. e4 c5 2. Nf3 d6 3. d4 cxd4 4. Nxd4 Nf6 5. Nc3 a6 6. Be3 Nbd7 7. g4 h6 8. f3 e6 9. Qd2 b5 10. h4 Ne5 11. Rg1 b4 12. Na4 Bd7 13. b3 Bxa4 14. bxa4 d5 15. g5 hxg5 16. hxg5 Nxf3+ 17. Nxf3 Nxe4 18. Qd4 Qc7 19. Bd3 Bc5 20. Qxg7 Rh3 21. Bxc5 Qxc5 22. O-O-O Rxf3 23. Bxe4 Rc8 24. Bh7 Rc3 25. Kb1 b3 26. cxb3 Qe3 27. Rgf1 1-0

[Event "26th Zadar Open 2019"]
[Site "Zadar"]
[Date "2019.12.17"]
[Round "4.3"]
[White "Nguyen, Piotr"]
[Black "Yeoh, Li Tian"]
[Result "0-1"]
[ECO "A85"]
[WhiteElo "2413"]
[BlackElo "2530"]
[Annotator "ChessBase"]
[PlyCount "94"]
[EventDate "2019.12.15"]
[EventType "swiss"]
[EventCountry "CRO"]
[SourceTitle "playchess.com"]
[Source "ChessBase"]
[SourceQuality "1"]
[TimeControl "40/5400+30:1800+30"]

1. Nf3 f5 2. d4 Nf6 3. c4 g6 4. Nc3 Bg7 5. Bf4 d6 6. e3 O-O 7. c5 e6 8. Bc4 h6 9. h3 Kh7 10. O-O dxc5 11. dxc5 Qe7 12. Rc1 Nc6 13. Bb5 Nd8 14. Qe2 Nf7 15. e4 c6 16. exf5 gxf5 17. Bd3 Qxc5 18. Nb5 Qb4 19. Bd2 Qe7 20. Bxf5+ Kg8 21. Nbd4 c5 22. Nb3 b6 23. Bc3 Nd5 24. Bxg7 Kxg7 25. Bb1 Rg8 26. Ne5 Nxe5 27. Qxe5+ Qf6 28. Rfe1 Bd7 29. Qxf6+ Kxf6 30. Nd2 Nf4 31. Ne4+ Ke7 32. Ng3 Raf8 33. Rc4 Bb5 34. Rc3 h5 35. Ra3 a6 36. Kh1 Kd7 37. Be4 Bc4 38. Nf1 Bd5 39. Rxa6 Nxg2 40. Rd1 Rxf2 41. Bxd5 exd5 42. Rxb6 Nh4 43. Rb3 Nf3 44. Rxd5+ Kc6 45. Rxf3 Rxf3 46. Rd1 Rxh3+ 47. Nh2 Re3 0-1

[Event "26th Zadar Open 2019"]
[Site "Zadar"]
[Date "2019.12.17"]
[Round "4.4"]
[White "Predojevic, Borki"]
[Black "Bukal, Vladimir Jr."]
[Result "1-0"]
[ECO "C03"]
[WhiteElo "2616"]
[BlackElo "2393"]
[Annotator "ChessBase"]
[PlyCount "57"]
[EventDate "2019.12.15"]
[EventType "swiss"]
[EventCountry "CRO"]
[SourceTitle "playchess.com"]
[Source "ChessBase"]
[SourceQuality "1"]
[TimeControl "40/5400+30:1800+30"]

1. e4 e6 2. d4 d5 3. Nd2 h6 4. Ngf3 Nf6 5. e5 Nfd7 6. Bd3 c5 7. c3 Nc6 8. O-O g5 9. b3 Bg7 10. Bb2 O-O 11. h3 a6 12. Re1 b5 13. Rc1 Qb6 14. Bb1 f5 15. exf6 Nxf6 16. dxc5 Qxc5 17. c4 bxc4 18. bxc4 Qb6 19. cxd5 exd5 20. Nb3 d4 21. Nbxd4 Bd7 22. Ba3 Rfd8 23. Bc5 Qb7 24. Qc2 Rac8 25. Qg6 Nxd4 26. Bxd4 Rxc1 27. Bxf6 Rxe1+ 28. Nxe1 Bf5 29. Bxf5 1-0

[Event "26th Zadar Open 2019"]
[Site "Zadar"]
[Date "2019.12.17"]
[Round "4.5"]
[White "Bratovic, Blaz"]
[Black "Saric, Ante"]
[Result "0-1"]
[ECO "B49"]
[WhiteElo "2359"]
[BlackElo "2556"]
[Annotator "ChessBase"]
[PlyCount "122"]
[EventDate "2019.12.15"]
[EventType "swiss"]
[EventCountry "CRO"]
[SourceTitle "playchess.com"]
[Source "ChessBase"]
[SourceQuality "1"]
[TimeControl "40/5400+30:1800+30"]

1. e4 c5 2. Nf3 e6 3. d4 cxd4 4. Nxd4 Nc6 5. Nc3 Qc7 6. Be2 a6 7. O-O Nf6 8. Be3 Bb4 9. Na4 O-O 10. c4 Be7 11. Nc3 b6 12. f4 Nxd4 13. Bxd4 d6 14. e5 Nd7 15. exd6 Bxd6 16. Qe1 Bxf4 17. Qh4 Be5 18. Rad1 Bb7 19. Be3 Nc5 20. b4 Bxc3 21. bxc5 bxc5 22. Rd3 Qe5 23. Qf2 Bd4 24. Bxd4 cxd4 25. Rxd4 Bc6 26. Bd3 g6 27. Rf4 f5 28. Re1 Qf6 29. Qc5 Rac8 30. Qe5 Qxe5 31. Rxe5 Rfd8 32. Bf1 Kf7 33. Ra5 Bb7 34. Rf2 Rd1 35. Rb2 Rc7 36. Kf2 Rc1 37. Be2 Kf6 38. Ra4 Rc3 39. Rab4 Bc6 40. Rb6 Ra3 41. Bf1 Be4 42. Be2 Ke5 43. Rd2 Rc6 44. Rb8 g5 45. Ra8 g4 46. Ra7 h5 47. Rh7 Rc5 48. Rxh5 Rca5 49. Bxg4 Rxa2 50. Re2 Rxe2+ 51. Bxe2 Ra2 52. Ke3 Bxg2 53. Rg5 Be4 54. h4 Ra3+ 55. Kf2 Rh3 56. h5 Kf4 57. Rg6 Rh2+ 58. Ke1 a5 59. Bd1 a4 60. Bxa4 Ke3 61. Kf1 f4 0-1

[Event "26th Zadar Open 2019"]
[Site "Zadar"]
[Date "2019.12.17"]
[Round "4.6"]
[White "Manush Shah"]
[Black "Blohberger, Felix"]
[Result "0-1"]
[ECO "E62"]
[WhiteElo "2341"]
[BlackElo "2434"]
[Annotator "NA"]
[PlyCount "106"]
[EventDate "2019.12.15"]
[EventType "swiss"]
[EventCountry "CRO"]
[SourceTitle "playchess.com"]
[Source "ChessBase"]
[SourceQuality "1"]
[TimeControl "40/5400+30:1800+30"]

1. d4 Nf6 2. Nf3 g6 3. c4 Bg7 4. g3 O-O 5. Bg2 d6 6. Nc3 Nc6 7. O-O e5 8. dxe5 Nxe5 9. Nxe5 dxe5 10. Qxd8 Rxd8 11. Bg5 Rd7 12. Rad1 c6 13. b3 Rxd1 14. Rxd1 Be6 15. Bc1 Bf8 16. Bb2 Be7 17. h3 h5 18. Ne4 Nxe4 19. Bxe4 f5 20. Bc2 e4 21. f3 exf3 22. exf3 Kf7 23. Kg2 a5 24. g4 b5 25. cxb5 cxb5 26. Bd3 Rc8 27. Rd2 Rd8 28. Rd1 a4 29. Bc2 Rc8 30. Rd2 a3 31. Bd4 Bf6 32. Bxf6 Kxf6 33. gxh5 gxh5 34. Kg3 h4+ 35. Kf4 Rc3 36. Bd3 b4 37. Bc2 Rc5 38. Bd1 Rc1 39. Rd4 Ra1 40. Rd2 Rb1 41. Ke3 Rb2 42. Rc2 Rxc2 43. Bxc2 f4+ 44. Kxf4 Bxh3 45. Bd3 Be6 46. Bc2 h3 47. Kg3 Ke5 48. f4+ Kd4 49. f5 Bxf5 50. Bxf5 Kc3 51. Kf2 Kb2 52. Ke3 Kxa2 53. Be6 Kb2 0-1

[Event "26th Zadar Open 2019"]
[Site "Zadar"]
[Date "2019.12.17"]
[Round "4.7"]
[White "Bhambure, Shantanu"]
[Black "Hnydiuk, Aleksander"]
[Result "1/2-1/2"]
[ECO "D93"]
[WhiteElo "2340"]
[BlackElo "2423"]
[Annotator "NA"]
[PlyCount "86"]
[EventDate "2019.12.15"]
[EventType "swiss"]
[EventCountry "CRO"]
[SourceTitle "playchess.com"]
[Source "ChessBase"]
[SourceQuality "1"]
[TimeControl "40/5400+30:1800+30"]

1. d4 Nf6 2. c4 g6 3. Nc3 d5 4. Nf3 Bg7 5. Bf4 O-O 6. e3 c5 7. dxc5 Ne4 8. Rc1 Nd7 9. cxd5 Qa5 10. Qc2 Nxc3 11. bxc3 Nxc5 12. e4 Bd7 13. Bd2 Rac8 14. c4 Qa4 15. Qxa4 Bxa4 16. e5 Bd7 17. Bg5 Rfe8 18. h3 Bf5 19. Rd1 Be4 20. Be2 Bxf3 21. Bxf3 Bxe5 22. O-O Rc7 23. Rfe1 Bd6 24. Be3 Na4 25. Rb1 b6 26. Rec1 Rec8 27. Bd1 Nc5 28. Be2 Nd7 29. Bd4 Be5 30. Be3 Bd6 31. Bd4 Be5 32. Be3 Nf6 33. Bd3 Bd6 34. g3 Nd7 35. Bd4 Be5 36. Be3 Bd6 37. Bd4 Bc5 38. Bc3 Ba3 39. Re1 Nc5 40. Bf1 Nb7 41. h4 Nd6 42. Be5 f6 43. Bf4 Kf7 1/2-1/2

[Event "26th Zadar Open 2019"]
[Site "Zadar"]
[Date "2019.12.17"]
[Round "4.8"]
[White "Rezan, Sasa"]
[Black "Rudolf, Michal"]
[Result "1/2-1/2"]
[ECO "E05"]
[WhiteElo "2415"]
[BlackElo "2328"]
[Annotator "NA"]
[PlyCount "128"]
[EventDate "2019.12.15"]
[EventType "swiss"]
[EventCountry "CRO"]
[SourceTitle "playchess.com"]
[Source "ChessBase"]
[SourceQuality "1"]
[TimeControl "40/5400+30:1800+30"]

1. c4 e6 2. Nf3 d5 3. g3 Nf6 4. Bg2 Be7 5. O-O O-O 6. d4 dxc4 7. Ne5 Nc6 8. Nxc6 bxc6 9. Na3 Bxa3 10. bxa3 Nd5 11. Qc2 a5 12. Qxc4 Ba6 13. Qc2 a4 14. Rd1 Bb5 15. e4 Nb6 16. Bd2 Re8 17. Bb4 Qc8 18. Rac1 Qa6 19. h4 Rad8 20. Kh2 h6 21. Bc5 Qc8 22. Qb2 Nd7 23. Qb4 Nf6 24. Be7 Ng4+ 25. Kg1 Rd7 26. Bc5 Qd8 27. Re1 Nf6 28. Bf3 Qb8 29. Rb1 Qc8 30. Kg2 Qa6 31. Qc3 Rdd8 32. Rbd1 Qc8 33. Bb4 Qa6 34. Bc5 Qc8 35. Bb4 Qa6 36. Rc1 Qc8 37. Rb1 Qa6 38. Qe3 Qc8 39. Bc3 Nd7 40. Ba1 Nb6 41. Qc3 f6 42. Bh5 Re7 43. Qc5 Qd7 44. Rbc1 Qd6 45. Qc3 Nc4 46. Be2 Nb6 47. Bxb5 cxb5 48. Qc5 Rb8 49. Qxb5 Qxa3 50. Qc5 Qxc5 51. Rxc5 Kf7 52. Rb1 Ke8 53. Bc3 Ra8 54. Bd2 Rd7 55. Bf4 Rxd4 56. Rxc7 Nd7 57. Rbb7 Rd8 58. f3 h5 59. Kf2 Rd3 60. Bc1 Rd1 61. Ke2 Rg1 62. Kf2 Rd1 63. Ke2 Rg1 64. Kf2 Rd1 1/2-1/2

[Event "26th Zadar Open 2019"]
[Site "Zadar"]
[Date "2019.12.17"]
[Round "4.9"]
[White "Pecnik, Leo"]
[Black "Moksh Amit Doshi"]
[Result "1-0"]
[ECO "B86"]
[WhiteElo "2326"]
[BlackElo "2399"]
[Annotator "NA"]
[PlyCount "65"]
[EventDate "2019.12.15"]
[EventType "swiss"]
[EventCountry "CRO"]
[SourceTitle "playchess.com"]
[Source "ChessBase"]
[SourceQuality "1"]
[TimeControl "40/5400+30:1800+30"]

1. e4 c5 2. Nf3 d6 3. d4 cxd4 4. Nxd4 Nf6 5. Nc3 a6 6. Bc4 e6 7. Bb3 Nbd7 8. f4 Nc5 9. e5 dxe5 10. fxe5 Nxb3 11. axb3 Nd5 12. O-O Nxc3 13. bxc3 Qc7 14. Kh1 Be7 15. Bf4 Bd7 16. Qf3 O-O 17. Rad1 b5 18. Qg3 Rfd8 19. Bh6 g6 20. Qf4 Rf8 21. Bxf8 Rxf8 22. Nf3 f5 23. h4 Bc8 24. h5 Rf7 25. Ng5 Rf8 26. Nf3 Qxc3 27. Qh6 Rf7 28. Rd3 Qc7 29. Rfd1 Rg7 30. Ng5 Bf8 31. Rd8 Bd7 32. Qxg7+ Kxg7 33. R8xd7+ 1-0

[Event "26th Zadar Open 2019"]
[Site "Zadar"]
[Date "2019.12.17"]
[Round "4.10"]
[White "Martinovic, Sasa"]
[Black "Mosesov, Danyil"]
[Result "0-1"]
[ECO "D37"]
[WhiteElo "2544"]
[BlackElo "2290"]
[Annotator "ChessBase"]
[PlyCount "84"]
[EventDate "2019.12.15"]
[EventType "swiss"]
[EventCountry "CRO"]
[SourceTitle "playchess.com"]
[Source "ChessBase"]
[SourceQuality "1"]
[TimeControl "40/5400+30:1800+30"]

1. d4 Nf6 2. c4 e6 3. Nf3 a6 4. Nc3 d5 5. cxd5 exd5 6. Bg5 Be6 7. Bxf6 Qxf6 8. Qb3 Ra7 9. g3 Qd8 10. h4 c5 11. dxc5 Bxc5 12. Ng5 Qf6 13. O-O-O O-O 14. Nxd5 Bxd5 15. Rxd5 Bxf2 16. Bg2 b5 17. Kb1 Qb6 18. Rhd1 Re7 19. Rd6 Qc5 20. Rd8 Qc7 21. Rxf8+ Kxf8 22. Nxh7+ Kg8 23. Ng5 Nd7 24. Bd5 Ne5 25. Rc1 Qd7 26. Qc2 g6 27. Ne4 Kg7 28. Rd1 Qf5 29. Rf1 Ng4 30. Nxf2 Qxc2+ 31. Kxc2 Ne3+ 32. Kd3 Nxf1 33. Ne4 f5 34. Nc5 Re3+ 35. Kd4 Rxe2 36. b4 Nxg3 37. Nxa6 f4 38. Nc7 Nf5+ 39. Kc5 Rc2+ 40. Kb6 Kf6 41. Nxb5 Ke5 42. Bb3 Rc1 0-1

[Event "26th Zadar Open 2019"]
[Site "Zadar"]
[Date "2019.12.17"]
[Round "4.11"]
[White "Dimitrov, Vladimir"]
[Black "Livaic, Leon"]
[Result "0-1"]
[ECO "E48"]
[WhiteElo "2285"]
[BlackElo "2505"]
[Annotator "ChessBase"]
[PlyCount "70"]
[EventDate "2019.12.15"]
[EventType "swiss"]
[EventCountry "CRO"]
[SourceTitle "playchess.com"]
[Source "ChessBase"]
[SourceQuality "1"]
[TimeControl "40/5400+30:1800+30"]

1. d4 Nf6 2. c4 e6 3. Nc3 Bb4 4. e3 O-O 5. Bd3 c5 6. Nge2 cxd4 7. exd4 d5 8. cxd5 Nxd5 9. O-O Nc6 10. Nxd5 Qxd5 11. Qc2 h6 12. a3 Bd6 13. Rd1 Bd7 14. Bh7+ Kh8 15. Be4 Qh5 16. Bf4 Bxf4 17. Nxf4 Qg5 18. g3 Rac8 19. Qe2 Rfe8 20. h4 Qf6 21. Bg2 Nxd4 22. Qg4 e5 23. Qxd7 Rcd8 24. Nh5 Rxd7 25. Nxf6 gxf6 26. Kf1 Rc7 27. Rac1 Rec8 28. Rxc7 Rxc7 29. Bd5 Kg7 30. Rd2 b6 31. Kg2 f5 32. f3 f6 33. Kf2 Kf8 34. Ke3 Ke7 35. Ba2 Rc1 0-1

[Event "26th Zadar Open 2019"]
[Site "Zadar"]
[Date "2019.12.17"]
[Round "4.12"]
[White "Doric, Darko"]
[Black "Chan, Kim Yew"]
[Result "1/2-1/2"]
[ECO "A45"]
[WhiteElo "2492"]
[BlackElo "2245"]
[Annotator "ChessBase"]
[PlyCount "91"]
[EventDate "2019.12.15"]
[EventType "swiss"]
[EventCountry "CRO"]
[SourceTitle "playchess.com"]
[Source "ChessBase"]
[SourceQuality "1"]
[TimeControl "40/5400+30:1800+30"]

1. d4 Nf6 2. Bg5 Ne4 3. Bf4 d5 4. e3 c5 5. Bd3 Nf6 6. Nc3 Bg4 7. Qd2 Nc6 8. h3 Bh5 9. Be2 cxd4 10. exd4 Bxe2 11. Ngxe2 e6 12. O-O Be7 13. Nd1 O-O 14. c3 b5 15. Ne3 b4 16. c4 dxc4 17. Nxc4 Qd7 18. Rac1 Rfd8 19. Rfd1 Rac8 20. Kf1 Qd5 21. b3 Qb5 22. Qd3 Bc5 23. Ne5 Qxd3 24. Nxd3 Bb6 25. Be3 Nd5 26. Rc4 Na5 27. Rxc8 Rxc8 28. Ke1 Kf8 29. Kd2 Ke7 30. g4 Nb7 31. Ndf4 Nxf4 32. Bxf4 Bc7 33. Bg5+ Kd7 34. Rc1 Nd6 35. Kd3 Rb8 36. Bf4 Nb5 37. Bd2 Bd6 38. Rc4 Nc7 39. Nf4 Nd5 40. Nxd5 exd5 41. Rc1 g6 42. f3 Rc8 43. Re1 Re8 44. Rc1 Rc8 45. Re1 Re8 46. Rc1 1/2-1/2

[Event "26th Zadar Open 2019"]
[Site "Zadar"]
[Date "2019.12.17"]
[Round "4.13"]
[White "Lye, Lik Zang"]
[Black "Krasteva, Beloslava"]
[Result "1-0"]
[ECO "D35"]
[WhiteElo "2379"]
[BlackElo "2264"]
[Annotator "NA"]
[PlyCount "119"]
[EventDate "2019.12.15"]
[EventType "swiss"]
[EventCountry "CRO"]
[SourceTitle "playchess.com"]
[Source "ChessBase"]
[SourceQuality "1"]
[TimeControl "40/5400+30:1800+30"]

1. d4 d5 2. c4 e6 3. Nc3 Be7 4. cxd5 exd5 5. Bf4 $11 Nf6 6. e3 O-O 7. Bd3 c5 8. Nge2 Nc6 9. O-O Be6 10. dxc5 Bxc5 11. Rc1 Rc8 12. Nb5 Be7 13. Ned4 Qd7 14. a3 a6 15. Nxc6 bxc6 16. Nd4 c5 17. Bxa6 cxd4 18. Bxc8 Rxc8 19. Rxc8+ Qxc8 20. Qxd4 Ne4 21. a4 h5 22. f3 Nd6 23. Qa7 Nf5 24. b4 Bxb4 25. Rb1 Kh7 26. Qc7 Qxc7 27. Bxc7 Bc5 28. Bb6 Bxb6 29. Rxb6 Nxe3 30. a5 d4 31. Kf2 Nd5 32. Rd6 Kg6 33. a6 Nc7 34. a7 Kf6 35. Rxd4 Ke7 36. Rd1 Bd7 37. Ke3 Bc6 38. Kd4 Nb5+ 39. Kc5 Nxa7 40. Ra1 Bd7 41. Rxa7 Ke6 42. h4 Be8 43. Kd4 g6 44. Ke4 Kf6 45. Ra6+ Kg7 46. Ke5 Bb5 47. Rb6 Bd7 48. Kd6 Be6 49. Ke7 Bc4 50. Rf6 Bb3 51. f4 Bd5 52. g3 Bc4 53. f5 gxf5 54. Rxf5 Kg6 55. Rg5+ Kh6 56. Kf6 Bb3 57. Rg8 Bc2 58. Rh8+ Bh7 59. Rxh7+ Kxh7 60. Kxf7 1-0

[Event "26th Zadar Open 2019"]
[Site "Zadar"]
[Date "2019.12.17"]
[Round "4.14"]
[White "Dixit, Nikhil"]
[Black "Vidic, Teja"]
[Result "1/2-1/2"]
[ECO "C60"]
[WhiteElo "2318"]
[BlackElo "2221"]
[Annotator "NA"]
[PlyCount "59"]
[EventDate "2019.12.15"]
[EventType "swiss"]
[EventCountry "CRO"]
[SourceTitle "playchess.com"]
[Source "ChessBase"]
[SourceQuality "1"]
[TimeControl "40/5400+30:1800+30"]

1. e4 e5 2. Nf3 Nc6 3. Bb5 a6 4. Ba4 b5 5. Bb3 g6 6. O-O Bg7 7. c3 Nge7 8. d4 exd4 9. cxd4 d6 10. h3 Na5 11. Bc2 O-O 12. Nc3 c5 13. Bf4 cxd4 14. Nxd4 Bb7 15. Re1 Nc4 16. Rb1 Rc8 17. Bb3 Qb6 18. Nde2 Rfd8 19. Bg5 Rd7 20. Bxe7 Rxe7 21. Nd5 Bxd5 22. Qxd5 Re5 23. Qd3 Rec5 24. Nf4 Nxb2 25. Qf3 Qa7 26. Ne2 Qb6 27. Nf4 Qa7 28. Ne2 Qb6 29. Nf4 Qa7 30. Ne2 1/2-1/2

[Event "26th Zadar Open 2019"]
[Site "Zadar"]
[Date "2019.12.17"]
[Round "4.15"]
[White "Peng, Hongchi"]
[Black "Antova, Gabriela"]
[Result "1-0"]
[ECO "B81"]
[WhiteElo "2271"]
[BlackElo "2314"]
[Annotator "NA"]
[PlyCount "69"]
[EventDate "2019.12.15"]
[EventType "swiss"]
[EventCountry "CRO"]
[SourceTitle "playchess.com"]
[Source "ChessBase"]
[SourceQuality "1"]
[TimeControl "40/5400+30:1800+30"]

1. e4 c5 2. Nf3 d6 3. d4 cxd4 4. Nxd4 Nf6 5. Nc3 a6 6. h3 e6 7. g4 Be7 8. g5 Nfd7 9. Be3 b5 10. a3 Bb7 11. Qd2 Nc6 12. O-O-O Rc8 13. Kb1 O-O 14. h4 Nxd4 15. Bxd4 Ne5 16. f4 Nf3 17. Qe3 Nxd4 18. Qxd4 Rc5 19. h5 e5 20. fxe5 dxe5 21. Qf2 Qa5 22. Nd5 Bxd5 23. exd5 b4 24. axb4 Qxb4 25. Rh4 Qb6 26. b3 Rb8 27. d6 Rd5 28. Rxd5 Qxf2 29. dxe7 Qxf1+ 30. Kb2 Re8 31. Rd8 f5 32. g6 hxg6 33. hxg6 Qb5 34. Rb4 Qc6 35. Rb6 1-0

[Event "26th Zadar Open 2019"]
[Site "Zadar"]
[Date "2019.12.17"]
[Round "4.16"]
[White "Mitev, Valentin"]
[Black "Sai Agni Jeevitesh, J."]
[Result "1/2-1/2"]
[ECO "C41"]
[WhiteElo "2233"]
[BlackElo "2301"]
[Annotator "NA"]
[PlyCount "92"]
[EventDate "2019.12.15"]
[EventType "swiss"]
[EventCountry "CRO"]
[SourceTitle "playchess.com"]
[Source "ChessBase"]
[SourceQuality "1"]
[TimeControl "40/5400+30:1800+30"]

1. e4 d6 2. d4 Nf6 3. Nc3 Nbd7 4. Nf3 e5 5. Bc4 Be7 6. a4 O-O 7. O-O c6 8. a5 Rb8 9. Qe2 b5 10. axb6 axb6 11. d5 cxd5 12. exd5 Bb7 13. Ra7 Qc8 14. Bd2 Ra8 15. Rfa1 Rxa7 16. Rxa7 Qb8 17. Ra3 Rc8 18. b4 Qc7 19. Bb3 Ra8 20. Rxa8+ Bxa8 21. Qa6 Bb7 22. Qb5 Bd8 23. Ng5 Nb8 24. Nce4 Kf8 25. Qd3 Nxe4 26. Qxe4 Bxg5 27. Bxg5 f6 28. Bd2 Kg8 29. c4 Nd7 30. g4 g6 31. Be3 Bc8 32. Qc2 Kg7 33. g5 fxg5 34. Bxg5 b5 35. Be3 bxc4 36. Ba4 Bb7 37. Bc6 Nb6 38. Bxb6 Qxb6 39. Qxc4 Bc8 40. Qh4 Qa7 41. Kg2 Bf5 42. b5 Bd3 43. b6 Qa1 44. Qe7+ Kg8 45. Qe8+ Kg7 46. Qe7+ Kg8 1/2-1/2

[Event "26th Zadar Open 2019"]
[Site "Zadar"]
[Date "2019.12.17"]
[Round "4.17"]
[White "Ghersinich, Enrico"]
[Black "Rogic, Davor"]
[Result "1-0"]
[ECO "D13"]
[WhiteElo "2157"]
[BlackElo "2485"]
[Annotator "ChessBase"]
[PlyCount "87"]
[EventDate "2019.12.15"]
[EventType "swiss"]
[EventCountry "CRO"]
[SourceTitle "playchess.com"]
[Source "ChessBase"]
[SourceQuality "1"]
[TimeControl "40/5400+30:1800+30"]

1. d4 d5 2. c4 c6 3. cxd5 cxd5 4. Nf3 Nc6 5. Nc3 Nf6 6. Bf4 Nh5 7. Bd2 e6 8. e3 Nf6 9. Bd3 Bd6 10. O-O O-O 11. Rc1 Qe7 12. a3 Rd8 13. Ne2 Ne4 14. Bc3 Bd7 15. Ng3 f5 16. Qb3 Be8 17. Bb5 Nxc3 18. Qxc3 Rac8 19. Bxc6 Rxc6 20. Qa5 Rdc8 21. Rxc6 Rxc6 22. Ne5 Bxe5 23. dxe5 b6 24. Qa4 Rc4 25. Qb3 Qc7 26. f4 Ba4 27. Qd3 Bb5 28. a4 Bxa4 29. Ne2 Bc2 30. Qd2 Qc5 31. Nd4 Kf7 32. b3 Qb4 33. Qxb4 Rxb4 34. Nxc2 Rxb3 35. Kf2 a5 36. Nd4 Rb2+ 37. Kf3 a4 38. Rc1 a3 39. Rc7+ Ke8 40. Nxe6 a2 41. Nxg7+ Kd8 42. Ne6+ Ke8 43. Ra7 b5 44. Nc7+ 1-0